 Dungeon Crawl Stone Soup version 0.14.0-2-gd2dacb9 (webtiles) character file.

9772 pulla180 the Nimble (level 11, 0/47 HPs)
             Began as a Spriggan Air Elementalist on Apr 10, 2014.
             Was an Elder of Sif Muna.
             Slain by Joseph
             ... wielding a +2,+0 quarterstaff of draining
              (8 damage)
             ... on Level 10 of the Dungeon on Apr 11, 2014.
             The game lasted 01:44:09 (14226 turns).

pulla180 the Nimble (Spriggan Air Elementalist)    Turns: 14226, Time: 01:44:09

HP   0/47        AC  4     Str  4      XL: 11   Next: 19%
MP  30/41        EV 25     Int 19      God: Sif Muna [****..]
Gold 582         SH  0     Dex 18      Spells:  3 memorised, 24 levels left

rFire  . . .     SeeInvis +     D - +2,+3 dagger (chaos)
rCold  . . .     Clarity  .     v - +0 robe
rNeg   . . .     Conserve .     (shield restricted)
rPois  .         rCorr    .     (helmet restricted)
rElec  .         rRot     .     x - +1 cloak
SustAb . .       Spirit   .     (gloves unavailable)
rMut   +         Warding  .     (boots unavailable)
Saprov . . .     Stasis   .     p - amulet of resist mutation
MR     +....                    t - ring of magical power
                                a - ring of teleport control

@: burdened, repel missiles, very slightly contaminated, drained, very quick,
somewhat resistant to hostile enchantments, unstealthy
A: unfitting armour, see invisible, herbivore 3, speed 3, slow metabolism 2
a: Channel Energy, Forget Spell, Renounce Religion, Evoke Teleport Control


You were on level 10 of the Dungeon.
You worshipped Sif Muna.
Sif Muna was greatly pleased with you.
You were encumbered.
You were full.

You visited 2 branches of the dungeon, and saw 11 of its levels.

You collected 582 gold pieces.

Inventory:

Hand weapons
 D - a +2,+3 dagger of chaos (weapon)
Armour
 v - a +0 robe (worn)
 x - a +1 cloak (worn)
Magical devices
 j - a wand of teleportation (1)
 y - a wand of paralysis (9)
 B - a wand of fire (8)
Comestibles
 k - 3 bread rations
 r - 12 chokos
 A - 5 cheeses
Scrolls
 e - 9 scrolls of identify
 f - 5 scrolls of enchant armour
 i - 2 scrolls of fear
 l - 3 scrolls of magic mapping
 m - 3 scrolls of remove curse
 n - 4 scrolls of blinking
 w - 2 scrolls of teleportation
Jewellery
 a - a ring of teleport control (left hand)
 p - an amulet of resist mutation (around neck)
 t - a ring of magical power (right hand)
Potions
 c - 4 potions of restore abilities
 g - a potion of haste
 h - 2 potions of curing
 o - a potion of brilliance
 q - a potion of beneficial mutation {unknown}
Books
 b - a book of Air

   Spells                             Type                      Level
   *Shock                             Conjuration/Air              1
   Swiftness                          Charms/Air                   2
   *Repel Missiles                    Charms/Air                   2
   Flight                             Charms/Air                   3
   *Static Discharge                  Conjuration/Air              3
   Lightning Bolt                     Conjuration/Air              5
 d - a book of Power

   Spells                             Type                      Level
   Fulminant Prism                    Conjuration/Hexes            4
   Iskenderun's Mystic Blast          Conjuration                  4
   Venom Bolt                         Conjuration/Poison           5
   Bolt of Magma                      Conjuration/Fire/Earth       5
   Iron Shot                          Conjuration/Earth            6
   Orb of Destruction                 Conjuration                  7
 z - a book of Wizardry

   Spells                             Type                      Level
   Summon Elemental                   Summoning                    4
   Agony                              Necromancy                   5
   Force Lance                        Conjuration                  5
   Haste                              Charms                       6
   Invisibility                       Hexes                        6
   Spellforged Servitor               Conjuration/Summoning        7


   Skills:
 + Level 10.2(9.3) Dodging
 - Level 3.0(2.3) Stealth
 + Level 10.0(9.1) Spellcasting
 + Level 8.9(8.0) Conjurations
 - Level 2.0(1.3) Charms
 + Level 7.7(6.9) Air Magic


You had 24 spell levels left.
You knew the following spells:

 Your Spells              Type           Power        Failure   Level  Hunger
a - Shock                 Conj/Air       ####         1%          1    None
b - Repel Missiles        Chrm/Air       ###...       2%          2    None
c - Static Discharge      Conj/Air       #####...     1%          3    None


Dungeon Overview and Level Annotations

Branches:
Dungeon (10/15)            Temple (1/1) D:7            Lair (0/8) D:10
    Orc: D:9-12

Altars:
Ashenzari
Cheibriados
Dithmenos
Elyvilon
Fedhas
Kikubaaqudgha
Makhleb
Nemelex Xobeh
Okawaru
Sif Muna
Trog
Vehumet
Xom
Yredelemnul
Zin
The Shining One

Annotations:
D:10 Joseph


Innate Abilities, Weirdness & Mutations

You are tiny and cannot use many weapons and most armour.
You have supernaturally acute eyesight.
You are a herbivore.
You cover ground extremely quickly.
You need consume almost no food.


Message History

The lightning arcs!
You are struck by lightning.
The lightning grounds out.
Joseph barely misses you.
Casting: Static Discharge
Confirm with . or Enter, or press ? or * to list all spells.
Joseph is struck by lightning.
Joseph is heavily wounded.
The lightning arcs!
You are struck by lightning.
The lightning arcs!
Joseph is struck by lightning.
Joseph is heavily wounded.
The lightning grounds out.
Casting: Static Discharge
Confirm with . or Enter, or press ? or * to list all spells.
You miscast Static Discharge.
You are very lightly contaminated with residual magic.
You are momentarily dazzled by a flash of light!
Joseph looks very unfriendly.
Joseph hits you with an uncursed quarterstaff of draining!
* * * LOW HITPOINT WARNING * * *
You feel drained.
You die...

#.# #.# #.# #.# #.# #.#
#.# #.# #.# #.#
#.###.######### ..#
#.#............
########.#........[...
#........#...........
######.######(#...........
.........(...>'.@@........
######.######.#..........
#.# #.#......... #(#
#.#......... .......#
#.#......... .######@
..#........ #) ###........
@. ######### #.


You could see Joseph.

Vanquished Creatures
  A hydra (D:8)
  Pikel (D:8)
  2 hill giants
  Maurice (D:10)
  Psyche (D:8)
  A two-headed ogre (D:8)
  2 trolls (D:10)
  2 yaks (D:8)
  Eustachio (D:8)
  2 hippogriffs
  2 hungry ghosts
  2 wargs (D:10)
  A naga (D:6)
  3 orc warriors
  A yellow wasp (D:10)
  A black bear (D:9)
  2 ice beasts
  2 phantoms
  2 slaves (D:8)
  3 centaurs
  5 ogres
  Sigmund (D:3)
  2 giant frogs (D:8)
  5 big kobolds
  6 scorpions
  2 giant goldfish zombies (D:3)
  A troll skeleton (D:10)
  3 goliath beetles
  9 crimson imps
  9 orc priests
  7 jellies
  A centaur skeleton (D:6)
  9 hounds
  4 orc wizards
  2 iguanas (D:5)
  9 worker ants
  2 sheep (D:8)
  An ogre zombie (D:6)
  Jessica (D:3)
  An ogre skeleton (D:6)
  A big kobold skeleton (D:9)
  A mummy (D:6)
  A worker ant zombie (D:10)
  4 gnolls (D:5)
  7 adders
  2 shadow imps
  2 worm zombies (D:6)
  4 giant mites
  3 worms
  2 adder zombies (D:5)
  An adder skeleton (D:8)
  6 giant eyeballs
  4 giant geckos
  An ooze (D:1)
  52 orcs
  A ball python (D:6)
  A bat skeleton (D:5)
  14 hobgoblins
  14 jackals
  27 kobolds
  A quokka (D:2)
  25 bats
  4 giant cockroaches
  A giant gecko skeleton (D:6)
  10 giant newts
  2 giant spores
  9 goblins
  A goblin skeleton (D:4)
  A hobgoblin zombie (D:6)
  7 rats
  A rat zombie (D:5)
  5 ballistomycetes
328 creatures vanquished.

Vanquished Creatures (others)
  2 slaves (D:8)
  An orc (D:8)
  A hobgoblin zombie (D:7)
4 creatures vanquished.

Grand Total: 332 creatures vanquished

Notes
Turn   | Place    | Note
--------------------------------------------------------------
     0 | D:1      | pulla180, the Spriggan Air Elementalist, began the quest for the Orb.
     0 | D:1      | Reached XP level 1. HP: 9/9 MP: 4/4
   513 | D:1      | Reached skill level 1 in Conjurations
   513 | D:1      | Reached XP level 2. HP: 13/13 MP: 0/7
  1320 | D:1      | Paralysed by a potion of paralysis for 2 turns
  1361 | D:2      | Found a white marble altar of Elyvilon.
  1361 | D:2      | Found a glowing silver altar of Zin.
  1773 | D:2      | Reached XP level 3. HP: 16/16 MP: 4/11
  1827 | D:2      | Learned a level 2 spell: Repel Missiles
  2522 | D:3      | Reached XP level 4. HP: 21/21 MP: 2/14
  2628 | D:3      | Reached skill level 4 in Dodging
  2628 | D:3      | Reached XP level 5. HP: 24/24 MP: 0/17
  2631 | D:3      | Found a basalt altar of Yredelemnul.
  2963 | D:3      | Noticed Sigmund
  2985 | D:3      | Killed Sigmund
  2985 | D:3      | Reached skill level 1 in Charms
  3175 | D:3      | Noticed Jessica
  3180 | D:3      | Killed Jessica
  3191 | D:3      | Reached XP level 6. HP: 28/28 MP: 10/20
  4122 | D:4      | Reached skill level 5 in Spellcasting
  4318 | D:4      | Paralysed by a giant eyeball for 4 turns
  4327 | D:4      | Reached XP level 7. HP: 19/32 MP: 23/23
  4336 | D:4      | Learned a level 3 spell: Static Discharge
  4972 | D:5      | Entered Level 5 of the Dungeon
  5144 | D:5      | Reached skill level 6 in Spellcasting
  5919 | D:5      | Reached XP level 8. HP: 36/36 MP: 24/25
  5993 | D:5      | Reached skill level 5 in Dodging
  6132 | D:5      | Reached skill level 7 in Spellcasting
  6132 | D:5      | Reached skill level 5 in Air Magic
  7538 | D:6      | Reached skill level 5 in Conjurations
  8144 | D:7      | Reached XP level 9. HP: 39/39 MP: 15/28
  8483 | D:7      | Found a shattered altar of Ashenzari.
  8753 | D:7      | Found a staircase to the Ecumenical Temple.
  8917 | Temple   | Entered the Ecumenical Temple
  9026 | Temple   | Became a worshipper of Sif Muna the Loreminder
  9108 | D:8      | Noticed Psyche
  9176 | D:8      | Killed Psyche
  9176 | D:8      | Reached skill level 8 in Dodging
  9562 | D:8      | Noticed Pikel
  9587 | D:8      | Killed Pikel
  9587 | D:8      | Acquired Sif Muna's first power
  9587 | D:8      | Reached skill level 9 in Dodging
 10275 | D:8      | Reached XP level 10. HP: 44/44 MP: 29/29
 10481 | D:8      | Noticed a three-headed hydra
 10539 | D:8      | Killed a three-headed hydra
 10539 | D:8      | Acquired Sif Muna's second power
 10539 | D:8      | Reached skill level 10 in Dodging
 10805 | D:8      | Noticed Eustachio
 10849 | D:8      | Killed Eustachio
 12156 | D:9      | Noticed a hill giant
 12195 | D:9      | Killed a hill giant
 12500 | D:10     | Entered Level 10 of the Dungeon
 12562 | D:10     | Noticed Maurice
 12635 | D:10     | Killed Maurice
 12898 | D:10     | Reached XP level 11. HP: 41/47 MP: 29/32
 12972 | D:10     | Noticed a hill giant
 13023 | D:10     | Killed a hill giant
 13302 | D:10     | Acquired Sif Muna's third power
 13499 | D:10     | Found a staircase to the Lair.
 13649 | D:10     | Reached skill level 10 in Spellcasting
 13856 | D:10     | Upgraded the game from 0.14-b1-56-gbadd701 to 0.14.0-2-gd2dacb9
 13862 | D:10     | Noticed Joseph
 14226 | D:10     | Slain by Joseph

Action                   |  1- 3 |  4- 6 |  7- 9 | 10-12 || total
-------------------------+-------+-------+-------+-------++-------
Melee: Unarmed           |     9 |       |    28 |       ||    37
       Dagger            |       |       |    18 |     1 ||    19
 Cast: Shock             |   111 |   155 |   516 |   420 ||  1202
       Static Discharge  |       |       |    13 |    18 ||    31
       Repel Missiles    |       |       |     2 |     1 ||     3
Evoke: Wand              |     1 |     2 |     6 |     5 ||    14
  Use: Potion            |     7 |     2 |     6 |     1 ||    16
       Scroll            |     4 |     4 |     8 |     2 ||    18
